[Event "Titled Tuesday Blitz March 28 Late 2023"]
[White "Dobre, Claudiu-Cristian"]
[Black "Smith, Garrett L"]
[WhiteFideId "1211854"]
[BlackFideId "2024829"]
[WhiteElo "2207"]
[BlackElo "2328"]
[Result "1-0"]
[Round "06"]
[TimeControl "180+2"]
[Date "2023.03.28"]
[WhiteClock "0:00:11"]
[BlackClock "0:00:18"]

1. e4 c5 2. b3 g6 3. Bb2 Nf6 4. Nc3 Bg7 5. Nd5 e6 6. Nxf6+ Bxf6 7. e5 Bg7 8. h4 d6 9. Nf3 Nd7 10. Bb5 a6 11. Bxd7+ Bxd7 12. Qe2 Bc6 13. O-O-O d5 14. h5 a5 15. d4 a4 16. h6 Bf8 17. Kb1 Qa5 18. Qd2 axb3 19. Qxa5 bxc2+ 20. Kxc2 Rxa5 21. Ra1 c4 22. Bc3 Ra4 23. g4 Be7 24. Rhb1 Kd7 25. Rb2 b5 26. Rab1 Rb8 27. Bb4 Bxb4 28. Rxb4 Rxa2+ 29. R1b2 Rba8 30. Ng5 Ra1 31. Nxh7 Rh1 32. Nf6+ Ke7 33. h7 Raa1 34. Rb1 Ra2+ 35. R4b2 Rxb2+ 36. Kxb2 Rh2 37. Kc3 Kf8 38. Kb4 Kg7 39. Rb2 g5 40. Kc5 Ba8 41. Kxb5 c3 42. Rc2 Rh3 43. Kb4 Rf3 44. Rxc3 Rxf2 45. Rc8 Rb2+ 46. Kc3 1-0


[Site "https://www.chess.com"]

[Event "Titled Tuesday Blitz March 28 Late 2023"]
[White "Napoli, Nicolo"]
[Black "Sanchez Alvares, Kelvin Antonio"]
[WhiteFideId "813702"]
[BlackFideId "3906680"]
[WhiteElo "2308"]
[BlackElo "2217"]
[Result "0-1"]
[Round "06"]
[TimeControl "180+2"]
[Date "2023.03.28"]
[WhiteClock "0:00:48"]
[BlackClock "0:00:41"]

1. e4 e5 2. Nf3 Nc6 3. d4 exd4 4. Nxd4 Qh4 5. Nb5 Bc5 6. Qf3 Nd4 7. Nxd4 Bxd4 8. Bc4 Qf6 9. Qe2 d6 10. Nd2 h6 11. Nf3 Bg4 12. c3 Bb6 13. Be3 Ne7 14. O-O Ng6 15. h3 Bxf3 16. Qxf3 Qxf3 17. gxf3 O-O 18. Be2 f5 19. Kh2 f4 20. Bxb6 axb6 21. Bc4+ Kh7 22. Bd5 c6 23. Bb3 Ne5 24. Bd1 b5 25. Be2 Rf6 26. a3 Kg8 27. Rad1 Kf7 28. Rd2 Ke7 29. Rfd1 g5 30. Rd4 Rg8 31. c4 c5 32. R4d2 bxc4 33. Rc2 b5 34. a4 bxa4 35. Ra1 Ra8 36. Kg2 Rff8 37. Bxc4 Rfb8 38. Bd5 Ra6 39. Ra2 Rb4 40. Rc3 Rab6 41. Rca3 Rxb2 42. Rxa4 Rxa2 43. Rxa2 Rb8 44. Ra7+ Kf6 45. Rh7 Kg6 46. Rd7 Nxd7 0-1


[Site "https://www.chess.com"]

[Event "Titled Tuesday Blitz March 28 Late 2023"]
[White "Krishnan, Varun"]
[Black "ilya2700"]
[WhiteFideId "5054508"]
[WhiteElo "2525"]
[BlackElo "2243"]
[Result "1-0"]
[Round "06"]
[TimeControl "180+2"]
[Date "2023.03.28"]
[WhiteClock "0:01:08"]
[BlackClock "0:00:05"]

1. d4 Nf6 2. c4 g6 3. g3 Bg7 4. Bg2 O-O 5. Nf3 d6 6. O-O c5 7. Nc3 Nc6 8. d5 Na5 9. Nd2 a6 10. a3 b6 11. b4 Nb7 12. Bb2 a5 13. b5 Ra7 14. e4 e6 15. Qc2 exd5 16. cxd5 Re8 17. Nc4 Nd7 18. f4 a4 19. Rae1 Bd4+ 20. Kh1 Nf6 21. Nxa4 Bxb2 22. Naxb2 Na5 23. Nxa5 Rxa5 24. Nc4 Rxb5 25. e5 Bf5 26. Qd2 dxe5 27. fxe5 Ng4 28. Nd6 Rb3 29. Nxe8 Qxe8 30. d6 Rxa3 31. h3 Rd3 32. Qg5 Nxe5 33. Rxf5 Rxd6 34. Rfxe5 Qf8 35. Re8 1-0


[Site "https://www.chess.com"]

[Event "Titled Tuesday Blitz March 28 Late 2023"]
[White "Bullen, Alex"]
[Black "Escalona Landi, Samid Eduardo"]
[WhiteFideId "1801627"]
[BlackFideId "3937437"]
[WhiteElo "2088"]
[BlackElo "2207"]
[Result "0-1"]
[Round "06"]
[TimeControl "180+2"]
[Date "2023.03.28"]
[WhiteClock "0:00:18"]
[BlackClock "0:01:29"]

1. d4 Nf6 2. Nf3 g6 3. Nbd2 d5 4. b4 Bg7 5. e3 O-O 6. c4 e6 7. a4 a5 8. b5 b6 9. Be2 Bb7 10. Bb2 Nbd7 11. O-O c5 12. bxc6 Bxc6 13. cxd5 Bxd5 14. Bc4 Bb7 15. Qb3 Nd5 16. Ba3 Re8 17. Rfc1 Bf8 18. Bxf8 Kxf8 19. Bb5 Re7 20. Nc4 Nb4 21. Nfe5 Nxe5 22. Nxe5 Rc7 23. h3 Rac8 24. Qb2 Qd5 25. Nf3 Qf5 26. Be2 Rc2 27. Rxc2 Rxc2 28. Bd3 Rxb2 29. Bxf5 gxf5 30. Rc1 Bxf3 31. gxf3 Nd3 32. Rc8+ Kg7 33. f4 Nxf2 34. Kg2 Nd1+ 35. Kf3 Rf2+ 36. Kg3 Re2 37. e4 Rxe4 38. d5 exd5 39. h4 d4 40. h5 h6 41. Rc7 Nc3 42. Kh4 Rxf4+ 43. Kg3 Re4 44. Kh3 d3 45. Rd7 Re3+ 46. Kh4 Re4+ 47. Kh3 Rxa4 48. Kg3 Ne4+ 49. Kh4 Nf6+ 50. Kh3 Nxd7 51. Kg2 Re4 52. Kg1 d2 53. Kf1 d1=Q+ 54. Kf2 Qd2+ 55. Kg3 Qd3+ 56. Kh2 Re2+ 57. Kg1 Qd1# 0-1


[Site "https://www.chess.com"]

[Event "Titled Tuesday Blitz March 28 Late 2023"]
[White "Darini, Pouria"]
[Black "marik_spb"]
[WhiteFideId "12502200"]
[WhiteElo "2482"]
[BlackElo "2402"]
[Result "0-1"]
[Round "06"]
[TimeControl "180+2"]
[Date "2023.03.28"]
[WhiteClock "0:02:47"]
[BlackClock "0:01:50"]

1. a3 Nf6 2. Nf3 e6 3. d4 d5 4. e3 c5 5. dxc5 a5 6. b4 axb4 7. Bb2 Bxc5 8. Bb5+ Bd7 9. Bxd7+ Nbxd7 10. O-O bxa3 11. Nxa3 O-O 12. c4 dxc4 13. Nxc4 b5 14. Nd6 Qb6 15. Rxa8 Rxa8 16. Ne4 Nxe4 17. Qxd7 Rd8 0-1


[Site "https://www.chess.com"]

[Event "Titled Tuesday Blitz March 28 Late 2023"]
[White "Buchenau, Frank"]
[Black "Popov, Mikhail"]
[WhiteFideId "4604350"]
[BlackFideId "4146182"]
[WhiteElo "2157"]
[BlackElo "2270"]
[Result "0-1"]
[Round "06"]
[TimeControl "180+2"]
[Date "2023.03.28"]
[WhiteClock "0:00:37"]
[BlackClock "0:00:32"]

1. e4 e6 2. d4 d5 3. Nc3 Nf6 4. e5 Nfd7 5. f4 c5 6. Nf3 Nc6 7. Be3 a6 8. Ne2 b5 9. c3 Qb6 10. Qd2 f6 11. g3 a5 12. a3 a4 13. dxc5 Bxc5 14. Bxc5 Nxc5 15. Qe3 fxe5 16. fxe5 O-O 17. Bg2 Na5 18. O-O Nc4 19. Qd4 Qc7 20. Rab1 Ne4 21. Nf4 Qc6 22. Nd3 Bd7 23. Nh4 Ned2 24. Rxf8+ Rxf8 25. Rd1 Nb3 26. Rf1 Nxd4 0-1


[Site "https://www.chess.com"]

[Event "Titled Tuesday Blitz March 28 Late 2023"]
[White "Kielinkei"]
[Black "Feng, Eric"]
[BlackFideId "30952590"]
[WhiteElo "2396"]
[BlackElo "1785"]
[Result "1/2-1/2"]
[Round "06"]
[TimeControl "180+2"]
[Date "2023.03.28"]
[WhiteClock "0:00:14"]
[BlackClock "0:00:22"]

1. Nf3 Nf6 2. g3 g6 3. Bg2 Bg7 4. d4 O-O 5. O-O d5 6. c4 Bf5 7. cxd5 Nxd5 8. Nc3 Nxc3 9. bxc3 c5 10. Ba3 cxd4 11. cxd4 Nc6 12. e3 Re8 13. Rc1 e5 14. dxe5 Nxe5 15. Qxd8 Raxd8 16. Nxe5 Bxe5 17. Bxb7 Rd2 18. Bb4 Rxa2 19. Bc3 Bxc3 20. Rxc3 a5 21. Bd5 Rd2 22. Bb3 Bh3 23. Ra1 Rb8 24. Rc2 Rd3 25. Bc4 Ra3 26. Rcc1 Rxa1 27. Rxa1 Rb4 28. Bf1 Bd7 29. Rxa5 Rb1 30. Kg2 Bc6+ 31. f3 Rb2+ 32. Kg1 Bxf3 33. Ra1 Kg7 34. Rc1 h5 35. Rc4 Kh6 36. Rf4 Bd5 37. Rf2 Rb1 38. h4 f5 39. Kh2 Be4 40. Bg2 Bd3 41. Rd2 Rb3 42. Bf3 Bc4 43. Rc2 Bb5 44. Be2 Be8 45. Kg1 Rxe3 46. Kf2 Re6 47. Bf3 Bb5 48. Rc8 Kg7 49. Rc7+ Kf6 50. Rb7 Bd3 51. Rb4 Ra6 52. Rd4 Bb5 53. Rd2 Be8 54. Rb2 Bf7 55. Rd2 g5 56. hxg5+ Kxg5 57. Rb2 Be6 58. Re2 Kf6 59. Rb2 Ra4 60. Bxh5 Kg5 61. Bf3 Rd4 62. Rc2 Bc4 63. Rb2 Rd3 64. Be2 Rc3 65. Bxc4 Rxc4 66. Kf3 Rc3+ 67. Kf2 Kg4 68. Rb4+ Kg5 69. Kg2 Rd3 70. Kf2 Kf6 71. Ra4 Ke5 72. Rb4 Ra3 73. Rf4 Kf6 74. Kg2 Kg5 75. Kf2 Rb3 76. Kg2 Rc3 77. Kf2 Rd3 78. Kg2 Rd5 79. Kf2 Re5 80. Kg2 Re3 81. Kf2 Re4 82. Rxe4 fxe4 83. Ke3 Kg4 84. Kxe4 Kxg3 1/2-1/2


[Site "https://www.chess.com"]

[Event "Titled Tuesday Blitz March 28 Late 2023"]
[White "Abduzhaparov"]
[Black "Krstulovic, Alex"]
[BlackFideId "760056"]
[WhiteElo "2386"]
[BlackElo "2311"]
[Result "1-0"]
[Round "06"]
[TimeControl "180+2"]
[Date "2023.03.28"]
[WhiteClock "0:00:31"]
[BlackClock "0:00:07"]

1. Nf3 Nf6 2. c4 g6 3. Nc3 Bg7 4. e4 d6 5. d4 O-O 6. Be3 e5 7. dxe5 dxe5 8. Qxd8 Rxd8 9. Nd5 Nxd5 10. cxd5 c6 11. Bc4 cxd5 12. Bxd5 Nc6 13. Ng5 Rd7 14. O-O-O h6 15. Bxc6 bxc6 16. Rxd7 Bxd7 17. Rd1 Be8 18. Nf3 g5 19. Bc5 Bf6 20. Bd6 g4 21. Nxe5 Bg5+ 22. Kc2 h5 23. Nd3 f6 24. Bf4 Bg6 25. f3 c5 26. Bxg5 fxg5 27. Ne5 Bh7 28. Rd5 gxf3 29. gxf3 g4 30. Kd3 c4+ 31. Kxc4 gxf3 32. Nxf3 Bxe4 33. Rg5+ Kf7 34. Ne5+ Kf6 35. Rxh5 Rc8+ 36. Kd4 Bb1 37. Rh6+ Kg5 38. Rc6 Rh8 39. Nf7+ Kf4 40. Nxh8 1-0


[Site "https://www.chess.com"]

[Event "Titled Tuesday Blitz March 28 Late 2023"]
[White "Gold_Ocean"]
[Black "Bouget, Alexandre"]
[BlackFideId "681318"]
[WhiteElo "2607"]
[BlackElo "2177"]
[Result "1-0"]
[Round "06"]
[TimeControl "180+2"]
[Date "2023.03.28"]
[WhiteClock "0:00:16"]
[BlackClock "0:00:11"]

1. Nf3 d5 2. d4 Nc6 3. Bf4 e6 4. e3 Nf6 5. h3 Bd6 6. Bd3 O-O 7. O-O Ne7 8. Ne5 c5 9. c3 b6 10. Nd2 Bb7 11. Bh2 Ng6 12. f4 Ne4 13. Nxe4 dxe4 14. Bc4 Ne7 15. Qh5 Nd5 16. Qe2 f6 17. Ng4 cxd4 18. exd4 Qc7 19. Bxd5 exd5 20. Ne3 f5 21. Rac1 g5 22. c4 gxf4 23. cxd5 Qg7 24. Bxf4 Bxf4 25. Rxf4 Qxd4 26. Rd1 Qe5 27. Rdf1 Rac8 28. Rxf5 Rxf5 29. Nxf5 Bxd5 30. Ne3 Kh8 31. Rf5 Rc1+ 32. Kf2 Qh2 33. Nxd5 Qg1+ 34. Kg3 Re1 35. Qg4 Rf1 36. Rxf1 Qxf1 37. Qxe4 1-0


[Site "https://www.chess.com"]

[Event "Titled Tuesday Blitz March 28 Late 2023"]
[White "Srinath, Rao S.V."]
[Black "Guzman Moneo, Alberto"]
[WhiteFideId "5028876"]
[BlackFideId "2209616"]
[WhiteElo "2196"]
[BlackElo "2157"]
[Result "1-0"]
[Round "06"]
[TimeControl "180+2"]
[Date "2023.03.28"]
[WhiteClock "0:01:04"]
[BlackClock "0:00:03"]

1. c4 e5 2. Nc3 Bb4 3. Nf3 Bxc3 4. dxc3 d6 5. g3 c5 6. Bg2 Nc6 7. h3 Be6 8. b3 Nf6 9. Be3 O-O 10. Qd2 Qa5 11. Ng5 Bf5 12. g4 Bg6 13. Bd5 h6 14. Nf3 Ne4 15. Bxe4 Bxe4 16. O-O Rad8 17. Nh4 d5 18. cxd5 Rxd5 19. Qe1 c4 20. b4 Qd8 21. f3 Bh7 22. Qg3 b5 23. g5 h5 24. g6 fxg6 25. Nxg6 Bxg6 26. Qxg6 Rd6 27. Qxh5 Qe8 28. Qxe8 Rxe8 29. Kf2 e4 30. f4 Red8 31. Rg1 Ne7 32. Rg5 a6 33. Rag1 g6 34. Bc5 Re6 35. Bxe7 Rxe7 36. Rxg6+ Kf7 37. Rg7+ Ke8 38. Rg8+ Kf7 39. R1g7+ Kf6 40. Rxd8 Rxg7 41. Rd6+ Kf5 42. e3 Rh7 43. Rd5+ Kf6 44. Kg3 Rg7+ 45. Rg5 Rh7 46. h4 Rd7 47. f5 Rd3 48. Kf4 Rxc3 49. Rg6+ Kf7 50. Rxa6 Rc1 51. Ke5 c3 52. Ra7+ Kg8 53. Rc7 c2 54. f6 Kf8 55. Ke6 Kg8 56. f7+ Kg7 57. Ke7 Rf1 58. Ke8 Rxf7 59. Rxf7+ 1-0


[Site "https://www.chess.com"]

[Event "Titled Tuesday Blitz March 28 Late 2023"]
[White "Xie, Bryan"]
[Black "Bilan, Danila"]
[WhiteFideId "30941296"]
[BlackFideId "24161918"]
[WhiteElo "2033"]
[BlackElo "2182"]
[Result "0-1"]
[Round "06"]
[TimeControl "180+2"]
[Date "2023.03.28"]
[WhiteClock "0:00:02"]
[BlackClock "0:00:45"]

1. e4 c6 2. d4 d5 3. e5 c5 4. c3 Nc6 5. Nf3 Bg4 6. dxc5 e6 7. Bb5 Bxf3 8. Qxf3 Bxc5 9. Be3 Qb6 10. Bxc6+ bxc6 11. Bxc5 Qxc5 12. Nd2 Ne7 13. O-O O-O 14. Nb3 Qb6 15. Rad1 c5 16. Qe3 c4 17. Qxb6 axb6 18. Nc1 Nc6 19. f4 b5 20. a3 Rad8 21. Ne2 f6 22. Nd4 Nxd4 23. cxd4 b4 24. axb4 Rb8 25. f5 exf5 26. Rxf5 g6 27. Rxf6 Rxf6 28. exf6 Rxb4 29. Rd2 Kf7 30. Rf2 Rb3 31. Kf1 Rd3 32. Rf4 Rd2 33. Rf2 Rxd4 34. Ke2 Rd3 35. g4 h6 36. Rg2 Rb3 37. Kd1 Kxf6 38. h4 g5 39. h5 Rf3 40. Re2 Rg3 0-1


[Site "https://www.chess.com"]

[Event "Titled Tuesday Blitz March 28 Late 2023"]
[White "Aggelis, Nikolaos"]
[Black "Jorajuria Mendoza, Algol"]
[WhiteFideId "4213220"]
[BlackFideId "5128897"]
[WhiteElo "2189"]
[BlackElo "2076"]
[Result "0-1"]
[Round "06"]
[TimeControl "180+2"]
[Date "2023.03.28"]
[WhiteClock "0:00:45"]
[BlackClock "0:00:05"]

1. d4 d5 2. Bf4 c5 3. e3 Nf6 4. c3 Qb6 5. Qb3 c4 6. Qxb6 axb6 7. Na3 Bd7 8. Be2 b5 9. Nc2 Nc6 10. a3 Bf5 11. Rc1 e6 12. Nf3 Nd7 13. Nh4 Be4 14. f3 Bxc2 15. Rxc2 h6 16. e4 g5 17. Bg3 gxh4 18. Bxh4 Be7 19. Bg3 O-O-O 20. O-O h5 21. Rb1 h4 22. Bf4 dxe4 23. fxe4 e5 24. Be3 exd4 25. cxd4 Rhg8 26. a4 Nb4 27. Rc3 Nf6 28. axb5 Nxe4 29. Rxc4+ Kb8 30. d5 Nxd5 31. Rxe4 Nxe3 32. Rxe7 Rxg2+ 33. Kh1 Rxe2 34. b6 Rxb2 35. Re1 Nd5 36. Re8 Kc8 37. Rc1+ Kd7 38. Re5 Kd6 39. Rxd5+ Kxd5 40. Rd1+ Ke4 41. Rxd8 Kf3 42. Rd3+ Ke4 43. Rd6 f5 44. Rh6 Kf3 45. h3 Kg3 46. Rg6+ Kxh3 47. Kg1 f4 48. Kf1 f3 49. Rf6 Kg3 50. Rg6+ Kf4 51. Rf6+ Kg4 52. Rg6+ Kf5 53. Rg8 Rxb6 54. Kf2 Ke4 55. Re8+ Kd3 56. Kxf3 Rf6+ 57. Kg4 b5 58. Kxh4 Kc2 59. Kg5 Rc6 60. Kf4 b4 61. Re2+ Kd3 62. Re3+ Kd2 63. Rb3 Rc4+ 64. Ke5 Kc2 65. Rh3 b3 66. Kd5 Rc3 67. Rh2+ Kb1 68. Kd4 Rc6 69. Rh8 b2 70. Kd3 Rd6+ 71. Kc3 Rc6+ 72. Kd2 Ka2 73. Ra8+ Kb1 74. Ra7 Rc5 75. Kd3 Kc1 76. Rh7 b1=Q+ 77. Kd4 Qxh7 78. Kxc5 Qd7 0-1


[Site "https://www.chess.com"]

[Event "Titled Tuesday Blitz March 28 Late 2023"]
[White "Sliwicki, Damian"]
[Black "cryptoguru02"]
[WhiteFideId "1127128"]
[WhiteElo "2030"]
[BlackElo "2530"]
[Result "0-1"]
[Round "06"]
[TimeControl "180+2"]
[Date "2023.03.28"]
[WhiteClock "0:00:06"]
[BlackClock "0:01:15"]

1. e4 g6 2. d4 Bg7 3. Nc3 d6 4. Be3 c6 5. Qd2 b5 6. O-O-O Nd7 7. Kb1 Qa5 8. f4 Nb6 9. e5 d5 10. Bd3 Nc4 11. Bxc4 bxc4 12. Qe1 Rb8 13. Bc1 h5 14. Nge2 Nh6 15. h3 Bf5 16. g4 hxg4 17. hxg4 Bxg4 18. Qg3 Be6 19. Qf3 Kd7 20. Ng3 Bg4 21. Qf2 Qxc3 22. Rde1 Qa5 23. e6+ Bxe6 24. Rxh6 Bxh6 25. f5 gxf5 0-1


[Site "https://www.chess.com"]

[Event "Titled Tuesday Blitz March 28 Late 2023"]
[White "Torres Boch, Jose Francisco"]
[Black "Hajiyev, Kanan"]
[WhiteFideId "2278383"]
[BlackFideId "13404148"]
[WhiteElo "2073"]
[BlackElo "2103"]
[Result "0-1"]
[Round "06"]
[TimeControl "180+2"]
[Date "2023.03.28"]
[WhiteClock "0:00:01"]
[BlackClock "0:00:11"]

1. e4 c6 2. d4 d5 3. Nd2 a6 4. Ngf3 Bg4 5. h3 Bh5 6. Bd3 e6 7. O-O Nf6 8. e5 Nfd7 9. Re1 c5 10. c3 Nc6 11. g4 Bg6 12. Nf1 Qb6 13. Bxg6 hxg6 14. Kg2 Be7 15. a3 cxd4 16. cxd4 O-O-O 17. b4 Rh7 18. Bg5 Re8 19. Rc1 Kb8 20. Bxe7 Rxe7 21. Re3 Rh6 22. Rec3 Re8 23. Ng3 Reh8 24. h4 Rxh4 25. Nxh4 Rxh4 26. R3c2 Ka7 27. Rxc6 bxc6 28. f3 Qb5 29. Qc2 Kb7 30. Ne2 Nb6 31. Kg3 Rh8 32. Nc3 Qc4 33. Qd2 Qb3 34. Qf4 Rf8 35. Qd2 Nc4 36. Qd3 Qxa3 37. Rb1 g5 38. Qc2 Rh8 39. Rb3 Qa1 40. Rb1 Na3 41. Rxa1 Nxc2 42. Rc1 Nxb4 43. Na4 a5 44. Nc5+ Kb6 45. Nd7+ Kc7 46. Nc5 Ra8 47. Ra1 Kb6 48. Ra4 Ra7 49. f4 Kb5 50. fxg5 g6 51. Kf4 Ra8 0-1


[Site "https://www.chess.com"]

[Event "Titled Tuesday Blitz March 28 Late 2023"]
[White "Graif, William"]
[Black "Gerbelli Neto, Eduardo"]
[WhiteFideId "2609835"]
[BlackFideId "2103281"]
[WhiteElo "2205"]
[BlackElo "2178"]
[Result "0-1"]
[Round "06"]
[TimeControl "180+2"]
[Date "2023.03.28"]
[WhiteClock "0:00:01"]
[BlackClock "0:00:07"]

1. e4 e5 2. Nf3 Nc6 3. d4 exd4 4. c3 dxc3 5. Bc4 d6 6. O-O Nf6 7. Qb3 Qd7 8. Re1 Na5 9. Qxc3 Nxc4 10. Qxc4 Qc6 11. Qd3 Be6 12. Nc3 Qc4 13. Qd2 Be7 14. b3 Qc5 15. Bb2 O-O 16. Rac1 Qh5 17. Nd4 c6 18. f3 Rad8 19. Nce2 Nd7 20. Kh1 Ne5 21. Ng3 Qg6 22. Ndf5 Bxf5 23. Nxf5 Bf6 24. Rcd1 Rfe8 25. Nxd6 Re6 26. Qb4 b6 27. Nf5 Rxd1 28. Rxd1 h6 29. Nd4 c5 30. Qa4 cxd4 31. Rxd4 Nc6 32. Rd2 Bxb2 33. Rxb2 Rd6 34. h3 Qg3 35. Rb1 Rd2 36. Rg1 Nd4 37. Qe8+ Kh7 38. Qxf7 Qg6 39. Qd7 Nxf3 40. Qc8 Nxg1 41. Qg4 Qxg4 42. hxg4 Ne2 43. e5 Nf4 0-1


[Site "https://www.chess.com"]

[Event "Titled Tuesday Blitz March 28 Late 2023"]
[White "micke12a"]
[Black "Yurasova, Daria"]
[BlackFideId "34146919"]
[WhiteElo "2324"]
[BlackElo "2134"]
[Result "0-1"]
[Round "06"]
[TimeControl "180+2"]
[Date "2023.03.28"]
[WhiteClock "0:00:07"]
[BlackClock "0:00:11"]

1. e4 e5 2. Nf3 Nc6 3. Bb5 a6 4. Ba4 Nf6 5. O-O b5 6. Bb3 Bc5 7. c3 d6 8. a4 Bb7 9. Re1 Bb6 10. d4 h6 11. h3 O-O 12. Qd3 Re8 13. axb5 axb5 14. Rxa8 Qxa8 15. d5 Na5 16. Bc2 Ba6 17. b4 Nc4 18. Nbd2 c6 19. dxc6 Qxc6 20. Nxc4 bxc4 21. Qe2 Bb7 22. Be3 Bxe3 23. Qxe3 Ra8 24. Nd2 Ra2 25. Bd1 Ra1 26. Bf3 Rxe1+ 27. Qxe1 Qa6 28. Kh2 Bc8 29. Qe2 Be6 30. Qe3 Nd7 31. Be2 Nb6 32. f4 exf4 33. Qxf4 Na4 34. Qe3 Qc6 35. Qd4 Nb6 36. Bf3 Qc7 37. Be2 d5+ 38. g3 dxe4 39. Nxe4 Nd7 40. Nd6 Qc6 41. Bxc4 Bxc4 42. Nxc4 Nf6 43. Ne3 Qa4 44. Qd8+ Kh7 45. Qd3+ g6 46. Qd4 Nh5 47. g4 Qa2+ 48. Ng2 Ng7 49. b5 Ne6 50. Qe3 Qb3 51. b6 g5 52. Qe4+ Kg7 53. Qe3 Qb2 54. Qe5+ Kh7 55. Qe3 Nf4 56. Qe4+ Kg7 57. b7 Nxg2 58. Qxg2 Qb6 59. Qe4 Qd6+ 60. Kg2 Qd2+ 61. Kf3 Qxc3+ 62. Ke2 Qb2+ 63. Kd3 Qb1+ 64. Kd4 Qb4+ 65. Kd5 Qxb7+ 66. Ke5 Qxe4+ 67. Kxe4 Kg6 68. Ke5 f6+ 69. Ke6 Kg7 70. Ke7 Kg6 71. Ke6 Kg7 72. Ke7 h5 73. Ke6 hxg4 74. hxg4 Kg6 75. Kd5 f5 76. gxf5+ Kxf5 77. Kd4 Kf4 78. Kd3 Kf3 79. Kd2 Kf2 80. Kd3 g4 81. Ke4 g3 0-1


[Site "https://www.chess.com"]

[Event "Titled Tuesday Blitz March 28 Late 2023"]
[White "Toniutti, Ezio"]
[Black "Nery Junior, Jose Antonio"]
[WhiteFideId "113034"]
[BlackFideId "2104822"]
[WhiteElo "2215"]
[BlackElo "2197"]
[Result "1-0"]
[Round "06"]
[TimeControl "180+2"]
[Date "2023.03.28"]
[WhiteClock "0:00:14"]
[BlackClock "0:00:02"]

1. d4 d5 2. c4 c6 3. Nc3 Nf6 4. e3 e6 5. Nf3 Nbd7 6. Bd3 Bd6 7. e4 dxe4 8. Nxe4 Nxe4 9. Bxe4 Nf6 10. Bc2 h6 11. O-O O-O 12. Qd3 c5 13. Be3 Qc7 14. Rfd1 b6 15. Bd2 Bb7 16. Bc3 Be4 17. Qd2 Bxf3 18. gxf3 Bxh2+ 19. Kg2 cxd4 20. Qxd4 e5 21. Qh4 Bf4 22. Rg1 Bg5 23. Qh2 Rfe8 24. Rae1 Bf4 25. Qh3 Qxc4 26. Kh1 Rad8 27. Qf5 Qc6 28. Re4 Qe6 29. Rxf4 exf4 30. Qxf6 Qxf6 31. Bxf6 Rd6 32. Rxg7+ Kf8 33. Bc3 a5 34. Rh7 Re2 35. Bb3 Rxf2 36. Rxf7+ Ke8 37. Rxf4 Re2 38. Re4+ Rxe4 39. fxe4 Rg6 40. Bd5 Kd7 41. e5 Rg5 42. Be4 1-0


[Site "https://www.chess.com"]

[Event "Titled Tuesday Blitz March 28 Late 2023"]
[White "Zampronha, Wladimir Camilo"]
[Black "a-z30"]
[WhiteFideId "2103087"]
[WhiteElo "2176"]
[BlackElo "2497"]
[Result "0-1"]
[Round "06"]
[TimeControl "180+2"]
[Date "2023.03.28"]
[WhiteClock "0:00:36"]
[BlackClock "0:00:17"]

1. e4 d6 2. d4 Nf6 3. Nc3 g6 4. Bg5 Bg7 5. f4 c6 6. Qd2 O-O 7. Nf3 d5 8. Bxf6 exf6 9. O-O-O dxe4 10. Nxe4 Bg4 11. Kb1 Bxf3 12. gxf3 f5 13. Nc5 Nd7 14. h4 h5 15. Bc4 Nxc5 16. dxc5 Qf6 17. c3 Rad8 18. Qg2 Bh6 19. Rhg1 Kg7 20. Qg3 Rxd1+ 21. Rxd1 Rd8 22. Rxd8 Qxd8 23. a4 Qc7 24. Qe1 Bxf4 25. Qe8 Bg3 26. Ka2 Bxh4 27. a5 Qxa5+ 28. Kb3 Qc7 29. f4 Be7 30. Qxf7+ Kh6 31. Qg8 Qd8 32. Bf7 Qxg8 33. Bxg8 Bxc5 34. Bc4 Be3 35. Bf1 Bxf4 0-1


[Site "https://www.chess.com"]

[Event "Titled Tuesday Blitz March 28 Late 2023"]
[White "Skaric, Djuro"]
[Black "Miszler, Levente"]
[WhiteFideId "934569"]
[BlackFideId "763276"]
[WhiteElo "2282"]
[BlackElo "2176"]
[Result "0-1"]
[Round "06"]
[TimeControl "180+2"]
[Date "2023.03.28"]
[WhiteClock "0:01:10"]
[BlackClock "0:01:22"]

1. g3 c6 2. Bg2 g6 3. d3 Bg7 4. Nf3 d5 5. O-O Nf6 6. Nc3 O-O 7. e4 d4 8. Ne2 c5 9. h3 Nc6 10. Ne1 e5 11. f4 Nd7 12. f5 gxf5 13. exf5 Nf6 14. g4 Nd5 15. Ng3 f6 16. Bxd5+ Qxd5 17. Ne4 b6 18. Qf3 Ne7 19. Rf2 Bb7 20. Rg2 Kh8 21. b3 Nc8 22. Qg3 Nd6 23. Nxd6 Qxd6 24. Nf3 Rae8 25. Bd2 Qc6 26. Rf2 e4 27. dxe4 Rxe4 28. Kh2 Rfe8 29. Rg1 Re2 30. Rgg2 Rxf2 31. Rxf2 Bf8 32. g5 Re3 33. Bxe3 dxe3 34. Rf1 Bd6 35. gxf6 Bxg3+ 36. Kxg3 Qxf6 37. Re1 Bxf3 38. Kxf3 Qxf5+ 39. Kxe3 Qxh3+ 40. Kd2 Qg2+ 0-1


[Site "https://www.chess.com"]

[Event "Titled Tuesday Blitz March 28 Late 2023"]
[White "Wang, Alexander J"]
[Black "Sztokbant, Bernardo Vainzoff"]
[WhiteFideId "30955270"]
[BlackFideId "2115956"]
[WhiteElo "2310"]
[BlackElo "2222"]
[Result "1-0"]
[Round "06"]
[TimeControl "180+2"]
[Date "2023.03.28"]
[WhiteClock "0:00:11"]
[BlackClock "0:00:03"]

1. e4 c5 2. Nf3 Nc6 3. d4 cxd4 4. Nxd4 g6 5. Nc3 Bg7 6. Be3 Nf6 7. Bc4 e6 8. Bb3 a6 9. a4 O-O 10. f3 d5 11. exd5 exd5 12. Qd2 Re8 13. O-O-O Na5 14. Ba2 Bd7 15. Kb1 Rc8 16. g4 Nc4 17. Bxc4 Rxc4 18. b3 Rc8 19. h4 Qe7 20. Bf2 Qb4 21. Nce2 Qa3 22. Qc1 Qc5 23. h5 Rxe2 24. Nxe2 Qxf2 25. Nd4 Bxg4 26. fxg4 Ne4 27. Rhf1 Nc3+ 28. Ka1 Bxd4 29. Rxf2 Nxd1+ 30. Ka2 Nxf2 31. Qd2 Bb6 32. a5 Ne4 33. Qb4 Bd8 34. Qxb7 Rxc2+ 35. Kb1 Rc7 36. Qa8 Rd7 37. Qc6 Rd6 38. Qc8 gxh5 39. gxh5 Kg7 40. b4 Re6 41. Qxd8 Kh6 42. Qf8+ Kg5 43. Qg7+ Kf5 44. Qxf7+ Rf6 45. Qxh7+ Kf4 46. Qc7+ Kf5 47. h6 d4 48. h7 Nc3+ 49. Qxc3 Rh6 50. Qf3+ Ke5 51. Qg3+ 1-0


[Site "https://www.chess.com"]

[Event "Titled Tuesday Blitz March 28 Late 2023"]
[White "Golubev, Mikhail"]
[Black "Garrido, Denis"]
[WhiteFideId "14100983"]
[BlackFideId "601217"]
[WhiteElo "2374"]
[BlackElo "2292"]
[Result "0-1"]
[Round "06"]
[TimeControl "180+2"]
[Date "2023.03.28"]
[WhiteClock "0:00:07"]
[BlackClock "0:00:03"]

1. e4 e5 2. Nf3 Nc6 3. Bc4 Nf6 4. Ng5 d5 5. exd5 Na5 6. Bb5+ c6 7. dxc6 bxc6 8. Bd3 Nd5 9. Nf3 Bd6 10. O-O Nf4 11. Re1 O-O 12. Bf1 f5 13. d3 Qf6 14. Bd2 Nb7 15. Bc3 Re8 16. Nbd2 Qg6 17. g3 e4 18. dxe4 fxe4 19. Nh4 Qh6 20. Nxe4 Bh3 21. Bxh3 Nxh3+ 22. Kg2 Nf4+ 23. gxf4 Qxh4 24. Nxd6 Rxe1 25. Qxe1 Nxd6 26. Qe6+ Nf7 27. Re1 Rf8 28. Re4 Qh5 0-1


[Site "https://www.chess.com"]

[Event "Titled Tuesday Blitz March 28 Late 2023"]
[White "Gasparyan, David"]
[Black "Dubreuil, Julien"]
[WhiteFideId "13311980"]
[BlackFideId "621285"]
[WhiteElo "2476"]
[BlackElo "2283"]
[Result "0-1"]
[Round "06"]
[TimeControl "180+2"]
[Date "2023.03.28"]
[WhiteClock "0:00:49"]
[BlackClock "0:00:18"]

1. c4 Nf6 2. Nc3 e5 3. d3 Bb4 4. Bd2 Bxc3 5. Bxc3 Nc6 6. e4 Nd4 7. Nf3 Nxf3+ 8. Qxf3 d6 9. h3 O-O 10. Be2 Nd7 11. Bd1 Nc5 12. b4 Ne6 13. Qe3 f5 14. exf5 Nf4 15. O-O Bxf5 16. d4 Qg5 17. Qg3 Qh6 18. dxe5 Be4 19. f3 Bd3 20. Re1 Rf5 21. e6 Rg5 22. Qxf4 Rxg2+ 23. Kxg2 Qxf4 24. e7 Re8 25. c5 d5 26. Re5 Rxe7 27. Rxd5 Be2 28. Rd8+ Kf7 29. Bb3+ Kg6 30. Bc2+ Kh5 31. Rd5+ g5 32. Be4 Rxe4 33. fxe4 Qf3+ 34. Kh2 Qf2+ 35. Kh1 Bf3# 0-1


[Site "https://www.chess.com"]

[Event "Titled Tuesday Blitz March 28 Late 2023"]
[White "olga-belka"]
[Black "koncheto"]
[WhiteElo "2292"]
[BlackElo "2470"]
[Result "0-1"]
[Round "06"]
[TimeControl "180+2"]
[Date "2023.03.28"]
[WhiteClock "0:01:21"]
[BlackClock "0:01:06"]

1. e4 e5 2. Nf3 Nf6 3. Nxe5 Nc6 4. Nxc6 dxc6 5. d3 Bc5 6. Be2 h5 7. Be3 Bxe3 8. fxe3 Ng4 9. Qd2 Qf6 10. Bxg4 Qxb2 11. Qc3 Qxc3+ 12. Nxc3 hxg4 13. Kd2 Be6 14. Rab1 O-O-O 15. d4 c5 16. Kd3 Rh5 17. Rbd1 Rdh8 18. d5 Bd7 19. Kc4 b6 20. Rhf1 f6 21. d6 c6 22. a4 Be6+ 23. Kd3 Rxh2 24. g3 c4+ 0-1


[Site "https://www.chess.com"]